 Dungeon Crawl Stone Soup version 0.19-a0-1168-g98094fc (webtiles) character file.

1684 Leszczynek the Basher (level 9, -5/88 HPs)
             Began as an Ogre Earth Elementalist on Aug 15, 2016.
             Was a Follower of Makhleb.
             Slain by a shadow imp (6 damage)
             ... on level 7 of the Dungeon.
             The game lasted 00:25:00 (4221 turns).

Leszczynek the Basher (Ogre Earth Elementalist)     Turns: 4221, Time: 00:25:01

Health: -5/88      AC:  4    Str: 22    XL:     9   Next: 2%
Magic:  13/13      EV: 10    Int: 14    God:    Makhleb [*.....]
Gold:   369        SH:  0    Dex: 11    Spells: 2 memorised, 9 levels left

rFire  . . .     SeeInvis .     a - +0 morningstar
rCold  + . .     Gourm    .     v - +1 robe {rC+}
rNeg   . . .     Faith    .     (no shield)
rPois  +         Spirit   .     (helmet restricted)
rElec  .         Dismiss  .     (no cloak)
rCorr  .         Reflect  .     (gloves unavailable)
MR     .....     Harm     .     (boots unavailable)
Stlth  +.........               g - amulet of regeneration
                                (no ring)
                                l - ring of poison resistance

@: mighty, lethally poisoned (-5 -> -6)
A: unfitting armour, blurry vision 1, high mp 1, tough skin 1, MP-powered wands
a: Renounce Religion


You were on level 7 of the Dungeon.
You worshipped Makhleb.
Makhleb was aware of your devotion.
You were not hungry.

You visited 2 branches of the dungeon, and saw 9 of its levels.

You collected 369 gold pieces.

Inventory:

Hand Weapons
 a - a +0 morningstar (weapon)
 y - a +0 giant spiked club
Missiles
 n - 4 large rocks (quivered)
Armour
 v - a +1 robe of cold resistance (worn)
Jewellery
 g - an amulet of regeneration (around neck)
 l - a ring of poison resistance (left hand)
Wands
 b - a wand of slowing (24/48)
 w - a wand of polymorph (2/24)
 A - a wand of random effects (22/48)
 B - a wand of enslavement (6/24)
Scrolls
 f - a scroll of enchant armour {unknown}
 j - 2 scrolls of teleportation
 m - 2 scrolls of amnesia
 o - 2 scrolls of fog {unknown}
 p - a scroll of enchant weapon {unknown}
 q - a scroll of fear
 r - a scroll of remove curse
 s - a scroll of blinking {unknown}
 x - a scroll of random uselessness {unknown}
 C - a scroll of holy word {unknown}
Potions
 h - a potion of magic
 t - a potion of cancellation
Books
 e - a book of Geomancy

   Spells                             Type                      Level
   a - Sandblast                      Earth                        1
   b - Passwall                       Transmutation/Earth          2
   c - Stone Arrow                    Conjuration/Earth            3
   d - Petrify                        Transmutation/Earth          4
   e - Lee's Rapid Deconstruction     Earth                        5
Comestibles
 d - 7 bread rations
 k - 3 meat rations
 u - a slice of pizza


   Skills:
 * Level 5.6 Fighting
 + Level 12.4 Maces & Flails
 + Level 2.8 Dodging
 - Level 1.5 Stealth
 - Level 2.4 Spellcasting
 - Level 0.6 Transmutations
 - Level 2.1 Earth Magic


You had 9 spell levels left.
You knew the following spells:

 Your Spells              Type           Power        Failure   Level  Hunger
a - Sandblast             Erth           #.....       12%         1    #......
b - Passwall              Tmut/Erth      #.........   21%         2    ###....


Dungeon Overview and Level Annotations

Branches:
Dungeon (8/15)             Temple (1/1) D:7
   Lair: D:8-11

Altars:
Ashenzari
Cheibriados
Fedhas
Makhleb
Nemelex Xobeh
Okawaru
Pakellas
Qazlal
Sif Muna
Uskayaw
Vehumet
Xom
Yredelemnul
Zin
The Shining One

Annotations:
D:2 exclusion: adder
D:3 Xiguana's ghost, novice FoFi
D:7 exclusion: downstairs
D:8 !bees


Innate Abilities, Weirdness & Mutations

You are too large for most types of armour.
You have tough skin. (AC +1)
Scrolls take you a little longer to read.
You have an increased reservoir of magic. (+10% MP)
You expend magic power (3 MP) to strengthen your wands.


Message History

The killer bee is almost dead.
The killer bee closely misses you. The shadow imp gestures at you.
Pain shoots through your body!
* * * LOW HITPOINT WARNING * * *
The killer bee stings you.
* * * LOW HITPOINT WARNING * * *
You barely miss the killer bee.
The killer bee is almost dead.
The killer bee stings you!
* * * LOW HITPOINT WARNING * * *
The shadow imp hits you but does no damage.
Unknown command.
You closely miss the killer bee.
The killer bee is almost dead.
The killer bee stings you.
* * * LOW HITPOINT WARNING * * *
You are lethally poisoned!
The killer bee poisons you! The killer bee misses you. The shadow imp hits you.
You die...

#..........#
###.....##.#
###p#....p.####
#.#.#......p..#
#.p##.....###.#
...####'### #.#
...####.## #.#
.###.....####.####
...#...<......y5@#
...####...###..#y#
#.....#...# #..#.#
...p..#...# #....#
..#.###...# ##.###
.#....#...# #.#
##....##### #.#
.###......# #.#
.#........# #.#


You could see 2 killer bees and a shadow imp.

Vanquished Creatures
  Pikel (D:7)
  A slave (D:7)
  An ice beast (D:6)
  An ogre (D:6)
  A centaur (D:5)
  2 giant frogs (D:7)
  A killer bee (D:7)
  8 wights
  3 howler monkeys (D:7)
  An orc priest (D:7)
  3 orc wizards (D:7)
  3 worker ants
  2 hound zombies (D:7)
  6 adders
  A shadow imp (D:8)
  An adder skeleton (D:5)
  3 worms (D:3)
  A giant gecko (D:7)
  10 orcs
  A ball python (D:3)
  4 bats
  5 giant cockroaches
  4 goblins
  2 hobgoblins
  7 jackals
  6 giant newts
  6 rats
85 creatures vanquished.

Vanquished Creatures (others)
  A water moccasin (D:7)
  A slave (D:7)
2 creatures vanquished.

Grand Total: 87 creatures vanquished

Notes
Turn   | Place    | Note
-------+----------+-------------------------------------------
     0 | D:1      | Leszczynek the Ogre Earth Elementalist began the quest for the Orb.
     0 | D:1      | Reached XP level 1. HP: 16/16 MP: 3/3
    81 | D:1      | Reached skill level 1 in Fighting
   213 | D:1      | Reached skill level 2 in Fighting
   226 | D:1      | Reached XP level 2. HP: 28/28 MP: 0/5
   396 | D:2      | Learned a level 2 spell: Passwall
   580 | D:2      | Reached skill level 1 in Maces & Flails
  1034 | D:3      | Reached skill level 2 in Maces & Flails
  1079 | D:3      | Reached XP level 3. HP: 35/35 MP: 1/6
  1080 | D:3      | Noticed Xiguana's ghost (novice FoFi)
  1280 | D:3      | Reached skill level 3 in Maces & Flails
  1494 | D:4      | Reached skill level 4 in Maces & Flails
  1494 | D:4      | Reached XP level 4. HP: 42/42 MP: 3/7
  1755 | D:5      | Entered Level 5 of the Dungeon
  1812 | D:5      | Reached skill level 5 in Maces & Flails
  1869 | D:5      | Reached XP level 5. HP: 39/49 MP: 4/8
  2060 | D:6      | Found a basalt altar of Yredelemnul.
  2073 | D:6      | Noticed an ogre
  2250 | D:6      | Reached skill level 6 in Maces & Flails
  2315 | D:5      | Noticed a centaur
  2320 | D:5      | Killed a centaur
  2320 | D:5      | Reached skill level 7 in Maces & Flails
  2320 | D:5      | Reached XP level 6. HP: 56/57 MP: 9/9
  2590 | D:7      | Noticed Pikel
  2590 | D:7      | Noticed a slave
  2590 | D:7      | Noticed a slave
  2590 | D:7      | Noticed a slave
  2658 | D:7      | Found a staircase to the Ecumenical Temple.
  2667 | Temple   | Entered the Ecumenical Temple
  2741 | Temple   | Became a worshipper of Makhleb the Destroyer
  2793 | D:7      | Reached skill level 8 in Maces & Flails
  2813 | D:7      | Noticed a slave
  2836 | D:7      | Killed a slave
  3065 | D:7      | Killed Pikel
  3065 | D:7      | Reached skill level 10 in Maces & Flails
  3065 | D:7      | Reached XP level 7. HP: 20/65 MP: 10/10
  3091 | D:7      | Reached XP level 8. HP: 33/72 MP: 11/11
  3118 | D:7      | Reached skill level 11 in Maces & Flails
  3383 | D:7      | Reached skill level 12 in Maces & Flails
  3473 | D:7      | Reached skill level 3 in Fighting
  3473 | D:7      | Reached skill level 2 in Dodging
  3546 | D:8      | oh come on
  3744 | D:6      | Reached skill level 4 in Fighting
  3798 | D:6      | Gained mutation: You have an increased reservoir of magic. (+10% MP) [potion of mutation]
  3798 | D:6      | Gained mutation: You expend magic power (3 MP) to strengthen your wands. [potion of mutation]
  3798 | D:6      | Gained mutation: Scrolls take you a little longer to read. [potion of mutation]
  3799 | D:6      | bad
  3854 | D:6      | Reached * piety under Makhleb
  3854 | D:6      | Reached skill level 5 in Fighting
  4191 | D:7      | Reached XP level 9. HP: 60/88 MP: 13/13
  4212 | D:8      | there are like 12 of them here at least
  4212 | D:8      | bullshit
  4220 | D:7      | HP: 5/88 [killer bee (9)]
  4221 | D:7      | HP: 1/88 [killer bee (5)]
  4221 | D:7      | Slain by a shadow imp

Vault maps used:
D:1:      lordsloth_arrival_two_stooges
D:3:      first_bread
D:6:      lemuel_crystal_altar, minmay_statues_item
D:7:      hangedman_decor_push, uniq_pikel
D:8:      wad_woods_minihive
Temple:   eino_narrow_crystal_temple

Skill      XL: |  1  2  3  4  5  6  7  8 |
---------------+-------------------------+-----
Fighting       | 2 5 |  5.6
Maces & Flails | 2 4 5 7 10 12 | 12.4
Dodging        | 2 |  2.8
Stealth        | |  1.5
Spellcasting   | |  2.4
Transmutations | |  0.6
Earth Magic    | |  2.1

Action                   |  1- 3 |  4- 6 |  7- 9 || total
-------------------------+-------+-------+-------++-------
Melee: Unarmed           |     7 |       |       ||     7
       Flail             |    55 |    57 |       ||   112
       Morningstar       |       |    57 |   136 ||   193
 Cast: Sandblast         |    30 |    30 |       ||    60
Evoke: Wand              |       |       |     4 ||     4
  Use: Scroll            |     5 |     8 |     1 ||    14
       Potion            |       |     2 |     8 ||    10
 Stab: Sleeping          |       |     1 |       ||     1
       Distracted        |       |       |     1 ||     1
  Eat: Chunk             |     2 |     6 |     1 ||     9
       Royal jelly       |       |       |     1 ||     1
       Pizza             |       |       |     1 ||     1
Armor: Robe              |    41 |    20 |    21 ||    82
       Skin              |       |       |    16 ||    16
Dodge: Dodged            |    68 |    79 |    61 ||   208
